 Dungeon Crawl Stone Soup version 0.30-a0-377-g5cb311bc9f (webtiles) character file.

Game seed: 5080112873803185060

38 McGhostyFace the Twirler (level 3, 0/25 HPs)
             Began as a Gnoll Wanderer on Nov 27, 2022.
             Constricted to death by a ball python (1 damage)
             ... on level 2 of the Dungeon.
             The game lasted 00:01:31 (1318 turns).

McGhostyFace the Twirler (Gnoll Wanderer)           Turns: 1318, Time: 00:01:31

Health: 0/25       AC:  3    Str:  9    XL:     3   Next: 43%
Magic:  9/9        EV:  9    Int: 13    God:
Gold:   200        SH:  0    Dex: 13    Spells: 11/12 levels left

rFire   . . .      SeeInvis .    a - +2 quarterstaff
rCold   . . .      Faith    .    (shield currently unavailable)
rNeg    . . .      Spirit   .    d - +0 robe
rPois   .          Reflect  .    (no helmet)
rElec   .          Harm     .    (no cloak)
rCorr   .          Rampage  .    (no gloves)
Will    .....                    f - +0 pair of boots
Stlth   ++........               (no amulet)
HPRegen 0.24/turn                (no ring)
MPRegen 0.11/turn                (no ring)

@: lethally poisoned (0 -> -3), constricted
A: fangs 1, strong nose, distributed training
a: no special abilities


You were on level 2 of the Dungeon.
You visited 1 branch of the dungeon, and saw 2 of its levels.

You collected 200 gold pieces.

Inventory:

Hand Weapons
 a - a +2 quarterstaff (weapon)
Armour
 d - a +0 robe (worn)
 f - a +0 pair of boots (worn)
Jewellery
 k - a +4 ring of slaying
Wands
 b - a wand of polymorph (7)
Scrolls
 c - a scroll of teleportation
 e - a scroll of magic mapping {unknown}
 g - 2 scrolls of brand weapon {unknown}
 h - a scroll of enchant weapon {unknown}
 l - a scroll of identify {unknown}
Potions
 i - a potion of magic {unknown}
 j - 2 potions of lignification {unknown}


   Skills:
 + Level 0.8 Fighting
 + Level 0.8 Short Blades
 + Level 0.8 Long Blades
 + Level 0.8 Axes
 + Level 0.8 Maces & Flails
 + Level 0.8 Polearms
 + Level 6.5 Staves
 + Level 0.8 Ranged Weapons
 + Level 0.8 Throwing
 + Level 0.8 Armour
 + Level 2.6 Dodging
 + Level 0.8 Stealth
 + Level 0.8 Shields
 + Level 0.8 Unarmed Combat
 + Level 5.0 Spellcasting
 + Level 5.4 Conjurations
 + Level 0.5 Hexes
 + Level 0.5 Summonings
 + Level 0.5 Necromancy
 + Level 0.5 Translocations
 + Level 0.5 Transmutations
 + Level 0.5 Fire Magic
 + Level 0.5 Ice Magic
 + Level 0.5 Air Magic
 + Level 0.5 Earth Magic
 + Level 0.5 Poison Magic
 + Level 1.0 Invocations
 + Level 2.6 Evocations


You had 11 spell levels left.
You knew the following spells:

 Your Spells              Type           Power      Damage    Failure   Level
a - Magic Dart            Conj           68%        1d6       1%          1

Your spell library contained the following spells:

 Spells                   Type           Power      Damage    Failure   Level
 Mephitic Cloud           Conj/Pois/Air  8%         N/A       22%         3


Dungeon Overview and Level Annotations

Branches:
Dungeon (2/15)

Altars:


Innate Abilities, Weirdness & Mutations

You have very sharp teeth.
Your uncanny sense of smell can sniff out nearby items.
Your experience applies equally to all skills.


Message History

Found 5 gold pieces.
An endoplasm is nearby!
An adder comes into view.
Found a scroll labelled VIONWA RAGITAT.
The adder hisses angrily.
A ball python comes into view.
The adder barely misses you.
You closely miss the adder.
The ball python hisses angrily.
The adder barely misses you. The adder bites you.
You barely miss the adder. The adder bites you.
You barely miss the adder. The adder barely misses you.
The endoplasm freezes you.
You are frozen.
You hit the adder.
The adder is heavily wounded.
The adder bites you but does no damage.
The endoplasm hits you but does no damage.
You miss the adder.
The adder is heavily wounded.
The adder closely misses you.
You hit the adder.
The adder is almost dead.
The adder bites you. The endoplasm freezes you.
You are frozen.
The ball python barely misses you. The ball python grabs you.
The ball python constricts you. The adder bites you.
* * * LOW HITPOINT WARNING * * *
You are poisoned.
The adder poisons you!
You miss the adder. Your bite misses the adder.
The adder is severely wounded.
* * * LOW HITPOINT WARNING * * *
You feel sick. The endoplasm freezes you.
You are frozen.
* * * LOW HITPOINT WARNING * * *
The ball python bites you but does no damage.
The ball python constricts you.
You die...

###.# #####.#
#.....############
###................#
#...................#
#..##...............#
.. #...............#
$ #...............#
#........@S.....#
#........JS.....#
#...............#
#.........$..?..#
##..............#
+..............#
#..............#
#..............#


You could see an adder, an endoplasm and a ball python.

Vanquished Creatures
  An adder (D:2)
  2 endoplasms
  2 giant cockroaches
  2 goblins (D:1)
  4 kobolds
  2 quokkas (D:1)
  4 ball pythons
  7 bats
  3 rats (D:1)
27 creatures vanquished.

Notes
Turn   | Place    | Note
-------+----------+-------------------------------------------
     0 | D:1      | McGhostyFace the Gnoll Wanderer began the quest for the
                  | Orb.
     0 | D:1      | McGhostyFace set off with the following items: a +2
                  | quarterstaff, a wand of polymorph (7), a scroll of
                  | teleportation, a +0 robe; and the following spell
                  | memorised: Magic Dart; and the following spells available
                  | to memorise: Mephitic Cloud.
     0 | D:1      | Reached XP level 1. HP: 13/13 MP: 6/6
   183 | D:1      | Found a faded altar of an unknown god.
   228 | D:1      | Reached XP level 2. HP: 14/19 MP: 7/7
   856 | D:2      | Reached skill level 5 in Spellcasting
   856 | D:2      | Reached XP level 3. HP: 18/25 MP: 7/9
  1017 | D:2      | Reached skill level 1 in Invocations
  1318 | D:2      | HP: 1/25 [frozen (4)]
  1318 | D:2      | Constricted to death by a ball python

Illustrated notes

Levels and vault maps discovered:
D:1:      evilmike_arrival_rings, layout_loops_ring,
          chequers_ecumenical_altar_lobes, minmay_misc_feat_plants
D:2:      layout_basic

Skill      XL: |  1  2  3 |
---------------+----------+-----
Spellcasting   | 5 |  5.0
Invocations    | 1 |  1.0
Fighting       | |  0.8
Short Blades   | |  0.8
Long Blades    | |  0.8
Axes           | |  0.8
Maces & Flails | |  0.8
Polearms       | |  0.8
Staves         | |  6.5
Ranged Weapons | |  0.8
Throwing       | |  0.8
Armour         | |  0.8
Dodging        | |  2.6
Stealth        | |  0.8
Shields        | |  0.8
Unarmed Combat | |  0.8
Conjurations   | |  5.4
Hexes          | |  0.5
Summonings     | |  0.5
Necromancy     | |  0.5
Translocations | |  0.5
Transmutations | |  0.5
Fire Magic     | |  0.5
Ice Magic      | |  0.5
Air Magic      | |  0.5
Earth Magic    | |  0.5
Poison Magic   | |  0.5
Evocations     | |  2.6

Action                   || total
-------------------------++-------
Melee: Quarterstaff      ||    63
       Bite              ||     3
 Stab: Sleeping          ||     1
Armor: Robe              ||    17
Dodge: Dodged            ||    41

Table legend: (Time is in decaauts)
 A = Elapsed time spent in this place.
 B = Non-inter-level travel time spent in this place.
 C = Inter-level travel time spent in this place.
 D = Time resting spent in this place.
 E = Time spent auto-exploring this place.
 F = Levels seen in this place.
 G = Mean time per level.
                   A        B        C        D        E       F      G
               +--------+--------+--------+--------+--------+-----+--------+
         Total |   1316 |   1278 |     38 |    163 |    915 |   2 |  658.0 |
       Dungeon |   1316 |   1278 |     38 |    163 |    915 |   2 |  658.0 |
               +--------+--------+--------+--------+--------+-----+--------+

Top non-repeatable levels by time:
     D:1: 849 daAuts
     D:2: 466 daAuts
